 Seeded DCSS version 0.30-a0-739-gea05faddec (webtiles) character file.

Game seed: 5430720872467839093 (custom seed)

28 purpskrrrp the Chopper (level 3, 0/29 (33) HPs)
             Began as a Hill Orc Monk on Feb 5, 2023.
             Slain by a gnoll
             ... wielding a +0 flail
              (5 damage)
             ... on level 2 of the Dungeon.
             The game lasted 00:01:23 (1409 turns).

purpskrrrp the Chopper (Hill Orc Monk)              Turns: 1409, Time: 00:01:24

HP:   0/29 (33)     AC:  2    Str: 21    XL:     3   Next: 12%
MP:   3/3           EV: 12    Int: 10    God:
Gold: 60            SH:  0    Dex: 13    Spells: 2/2 levels left

rFire   . . .      SeeInvis .    a - +0 hand axe
rCold   . . .      Faith    .    (no shield)
rNeg    . . .      Spirit   .    b - +0 robe
rPois   .          Reflect  .    (no helmet)
rElec   .          Harm     .    (no cloak)
rCorr   .          Rampage  .    (no gloves)
Will    .....                    (no boots)
Stlth   +                        (no amulet)
HPRegen 0.24/turn                l - +6 ring of strength
MPRegen 0.08/turn                (no ring)

@: confused, ambrosia-drunk, heavily drained
A: no striking features
a: no special abilities


You were on level 2 of the Dungeon.
You visited 1 branch of the dungeon, and saw 2 of its levels.

You collected 60 gold pieces.

Inventory:

Hand Weapons
 a - a +0 hand axe (weapon)
Armour
 b - a +0 robe (worn)
Jewellery
 l - a +6 ring of strength (left hand)
 o - a ring of protection from cold
Scrolls
 g - 3 scrolls of amnesia {unknown}
 i - a scroll of noise {unknown}
 j - a scroll of torment {unknown}
 k - a scroll of identify {unknown}
 m - a scroll of brand weapon {unknown}
 n - 3 scrolls of acquirement {unknown}
Potions
 d - a potion of mutation {unknown}
 f - a potion of attraction {unknown}
 h - 2 potions of curing {unknown}


   Skills:
 + Level 4.0 Fighting
 + Level 4.4 Axes
 + Level 2.7 Dodging
 + Level 2.0 Stealth


You had 2 spell levels left.
You didn't know any spells.
Your spell library was empty.

Dungeon Overview and Level Annotations

Branches:
Dungeon (2/15)

Altars:


Message History

The necrophage misses you.
The necrophage attacks as you move away!
The necrophage barely misses you.
The necrophage attacks as you move away!
The necrophage hits you but does no damage.
The necrophage attacks as you move away!
The necrophage barely misses you.
You see here a +0 robe.
The necrophage attacks as you move away!
The necrophage hits you.
As you read the scroll labelled VADUNN HIYST, it crumbles to dust.
You feel strangely unstable.
It was a scroll of teleportation.
The necrophage closely misses you.
You hit the necrophage.
The necrophage is lightly damaged.
The necrophage barely misses you.
You barely miss the necrophage.
The necrophage is lightly damaged.
Your surroundings suddenly seem different.
A gnoll comes into view. It is wielding a +0 club.
The gnoll shouts!
You hear a shout! x2
The gnoll hits you with a +0 club.
You barely miss the gnoll.
A gnoll comes into view. It is wielding a +0 whip.
A gnoll comes into view. It is wielding a +0 flail.
The gnoll hits you with a +0 whip. The gnoll closely misses you.
The gnoll attacks as you move away! The gnoll hits you but does no damage.
The gnoll barely misses you.
You are confused.
You feel invigorated. The gnoll closely misses you.
The gnoll hits you with a +0 whip.
* * * LOW HITPOINT WARNING * * *
The gnoll hits you with a +0 club.
* * * LOW HITPOINT WARNING * * *
You are too injured to fight recklessly!
You barely miss the gnoll. You closely miss the gnoll. You hit the gnoll.
The gnoll hits you with a +0 whip.
* * * LOW HITPOINT WARNING * * *
The gnoll hits you with a +0 flail.
You die...

# #. #####
.##### ....##
....
#....###.#
#..#..#..#.#
#...gg.....#
...##.@g..###
##........
#########


You could see 3 gnolls.

Vanquished Creatures
  2 bats
  4 endoplasms
  A hobgoblin (D:1)
  4 jackals (D:1)
  4 kobolds (D:1)
  2 quokkas (D:1)
  2 ball pythons (D:1)
  3 goblins
  A rat (D:1)
23 creatures vanquished.

Notes
Turn   | Place    | Note
-------+----------+-------------------------------------------
     0 | D:1      | purpskrrrp the Hill Orc Monk began the quest for the Orb.
     0 | D:1      | Reached XP level 1. HP: 19/19 MP: 1/1
    77 | D:1      | Reached XP level 2. HP: 4/27 MP: 2/2
    77 | D:1      | HP: 1/27 [kobold/+0 whip (3)]
  1081 | D:1      | Reached XP level 3. HP: 33/33 MP: 3/3
  1374 | D:2      | Noticed a necrophage
  1409 | D:2      | Slain by a gnoll

Illustrated notes

Levels and vault maps discovered:
D:1:      dpeg_arrival_boxes_within_box, layout_basic
D:2:      layout_loops_ring, serial_shops, shop, nicolae_kite_square_tiling_tiny

Skill      XL: |  1  2 |
---------------+-------+-----
Fighting       | 4 |  4.0
Stealth        | 2 |  2.0
Axes           | |  4.4
Dodging        | |  2.7

Action                     || total
---------------------------++-------
  Melee: Hand axe          ||    72
         Punch             ||     2
    Use: Scroll            ||     1
         Potion            ||     1
   Stab: Sleeping          ||     4
 Armour: Robe              ||    19
  Dodge: Dodged            ||    63

Table legend: (Time is in decaauts)
 A = Elapsed time spent in this place.
 B = Non-inter-level travel time spent in this place.
 C = Inter-level travel time spent in this place.
 D = Time resting spent in this place.
 E = Time spent auto-exploring this place.
 F = Levels seen in this place.
 G = Mean time per level.
                   A        B        C        D        E       F      G
               +--------+--------+--------+--------+--------+-----+--------+
         Total |   1415 |   1345 |     70 |    196 |    928 |   2 |  707.5 |
       Dungeon |   1415 |   1345 |     70 |    196 |    928 |   2 |  707.5 |
               +--------+--------+--------+--------+--------+-----+--------+

Top non-repeatable levels by time:
     D:1: 1196 daAuts
     D:2: 218 daAuts
